 Dungeon Crawl Stone Soup version 0.22.0-21-g8bd1b0a (webtiles) character file.

182 Lew the Skirmisher (level 5, -6/33 HPs)
             Began as a Gargoyle Abyssal Knight on Aug 19, 2018.
             Was a Believer of Lugonu.
             Mangled by an ogre
             ... wielding a +0 giant club
              (14 damage)
             ... on level 4 of the Dungeon.
             The game lasted 00:09:45 (3237 turns).

Lew the Skirmisher (Gargoyle Abyssal Knight)        Turns: 3237, Time: 00:09:46

Health: -6/33      AC:  9    Str: 21    XL:     5   Next: 61%
Magic:  6/6        EV:  9    Int: 12    God:    Lugonu [**....]
Gold:   111        SH:  7    Dex: 10    Spells: 4/4 levels left

rFire    + . .     SeeInvis .   a - +2 mace
rCold    + . .     Gourm    .   p - +0 shield
rNeg     + . .     Faith    .   d - +2 robe {rF+}
rPois    ∞         Spirit   .   (no helmet)
rElec    +         Reflect  .   (no cloak)
rCorr    .         Harm     .   (no gloves)
MR       .....                  n - +0 pair of boots
Stlth    ++........             (no amulet)
HPRegen  0.11/turn              f - ring of protection from cold
MPRegen  0.10/turn              m - +4 ring of slaying

@: mighty
A: negative energy resistance 1, electricity resistance, unbreathing,
petrification resistance, rot immunity, AC +4
a: Depart the Abyss, Bend Space, Renounce Religion


You were on level 4 of the Dungeon.
You worshipped Lugonu.
Lugonu was pleased with you.
You were not hungry.

You visited 1 branch of the dungeon, and saw 4 of its levels.
You visited the Abyss 1 time.

You collected 111 gold pieces.

Inventory:

Hand Weapons
 a - a +2 mace (weapon)
Armour
 d - a +2 robe of fire resistance (worn)
 n - a +0 pair of boots (worn)
 p - a +0 shield (worn)
Jewellery
 f - a ring of protection from cold (left hand)
 m - a +4 ring of slaying (right hand)
Wands
 i - a wand of iceblast (6)
Scrolls
 g - a scroll of amnesia
 h - 3 scrolls of remove curse
Potions
 b - a potion of haste {unknown}
 e - 3 potions of might
 j - a potion of ambrosia
 k - a potion of agility {unknown}
Comestibles
 c - 9 rations


   Skills:
 * Level 4.2 Fighting
 * Level 3.0 Maces & Flails
 + Level 3.3 Armour
 * Level 2.0 Dodging
 + Level 2.3 Stealth
 * Level 0.4 Shields
 - Level 2.0 Invocations


You had 4 spell levels left.
You didn't know any spells.
Your spell library was empty.

Dungeon Overview and Level Annotations

Branches:
Dungeon (4/15)
 Temple: D:4-7

Altars:
Elyvilon
Nemelex Xobeh


Innate Abilities, Weirdness & Mutations

You are resistant to torment.
Your stone body is resilient. (AC +4)
You are immune to poison.
You resist negative energy. (rN+)
You are resistant to electric shocks. (rElec)
You can survive without breathing.
You are immune to petrification.
You are immune to rotting.


Message History

You start resting.
You are feeling very hungry.
You start resting.
HP restored.
You eat one of the 10 rations.
That ration really hit the spot!
You climb downwards.
The ogre hits you but does no damage.
There is a stone staircase leading up here.
You barely miss the ogre. The ogre hits you with a giant club!!
Ouch! That really hurt!
* * * LOW HITPOINT WARNING * * *
There is a stone staircase leading up here.
Okay, then.
Okay, then.
An orc comes into view.
You feel very mighty all of a sudden. The ogre hits you but does no damage.
Found a stone staircase leading up.
You completely miss the orc. The orc barely misses you.
The ogre hits you with a giant club!
You die...

#.... ..
..#.####.#... ....
#.".#.......# ..<
!.#.#.##.#.. ..#
#...#.##.#.# ...
.........#.#####.#
....#..........#.#
....##.........#o#
....+..........#@#
....####÷[.....#O#
....#
#.......#.###
....#
#.......#...# ####
#..<....#.###
#######<..# #####


You could see an ogre and an orc.

Vanquished Creatures
  A centaur skeleton (D:3)
  A worker ant (D:3)
  4 adders
  An ooze (D:2)
  3 dart slugs
  4 leopard geckos
  6 orcs
  9 bats
  6 giant cockroaches
  8 goblins
  7 hobgoblins
  3 jackals (D:2)
  A quokka (D:3)
  4 frilled lizards
  8 kobolds
  4 rats
70 creatures vanquished.

Vanquished Creatures (others)
  A hobgoblin (D:3)
1 creature vanquished.

Grand Total: 71 creatures vanquished

Notes
Turn   | Place    | Note
-------+----------+-------------------------------------------
     0 | Abyss:1  | Lew the Gargoyle Abyssal Knight began the quest for the Orb.
     0 | Abyss:1  | Reached XP level 1. HP: 14/14 MP: 2/2
    94 | Abyss:1  | Noticed a small abomination
   132 | Abyss:1  | Noticed a large abomination
   153 | Abyss:1  | Noticed a small abomination
   199 | Abyss:1  | Noticed an ancient zyme
   227 | D:1      | Escaped the Abyss
   250 | D:1      | Reached skill level 1 in Dodging
   619 | D:1      | Reached XP level 2. HP: 19/19 MP: 3/3
   678 | D:1      | Reached * piety under Lugonu
  1100 | D:1      | Reached skill level 1 in Stealth
  1100 | D:1      | Reached XP level 3. HP: 23/23 MP: 4/4
  1481 | D:2      | Reached XP level 4. HP: 26/29 MP: 5/5
  1576 | D:2      | Reached ** piety under Lugonu
  2297 | D:3      | Reached skill level 4 in Fighting
  2297 | D:3      | Reached XP level 5. HP: 32/33 MP: 6/6
  2685 | D:3      | Found a white marble altar of Elyvilon.
  2795 | D:3      | Found a sparkling altar of Nemelex Xobeh.
  2918 | D:4      | Noticed an ogre
  2937 | D:3      | HP: 1/33 [worker ant (4)]
  3237 | D:4      | Mangled by an ogre

Skill      XL: |  1  2  3  4  5 |
---------------+----------------+-----
Dodging        | 1 2 |  2.0
Stealth        | 1 2 |  2.3
Armour         | 3 |  3.3
Fighting       | 4 |  4.2
Maces & Flails | 3 |  3.0
Shields        | |  0.4
Invocations    | |  2.0

Action                   |  1- 3 |  4- 6 || total
-------------------------+-------+-------++-------
Melee: Mace              |    77 |   103 ||   180
Invok: Depart the Abyss  |     1 |       ||     1
  Use: Scroll            |     5 |     9 ||    14
       Potion            |     1 |     5 ||     6
 Stab: Sleeping          |       |     2 ||     2
       Invisible         |       |     3 ||     3
  Eat: Chunk             |     1 |     5 ||     6
       Ration            |       |     1 ||     1
Armor: Leather armour    |     3 |       ||     3
       Robe              |    37 |    52 ||    89
Dodge: Dodged            |    47 |    71 ||   118
Block: Shield            |       |    13 ||    13
